 Dungeon Crawl Stone Soup version 0.20.1-1-g8b1a95d (webtiles) character file.

293 Folque the Poker (level 6, 0/47 HPs)
             Began as a Formicid Wanderer on Nov 3, 2017.
             Slain by a gnoll
             ... wielding a +0 halberd
              (13 damage)
             ... on level 3 of the Dungeon.
             The game lasted 00:13:07 (2168 turns).

Folque the Poker (Formicid Wanderer)                Turns: 2168, Time: 00:13:07

Health: 0/47       AC:  5    Str: 18    XL:     6   Next: 60%
Magic:  6/6        EV: 15    Int: 12    God:
Gold:   82         SH:  0    Dex: 10    Spells: 5/5 levels left

rFire    . . .     SeeInvis +   a - +2 spear
rCold    . . .     Gourm    .   (no shield)
rNeg     . . .     Faith    .   k - +0 ring mail
rPois    +         Spirit   .   (helmet unavailable)
rElec    .         Reflect  .   (no cloak)
rCorr    .         Harm     .   (no gloves)
MR       .....                  (no boots)
Stlth    +.........             (no amulet)
Regen    0.2/turn               p - ring of poison resistance
MPRegen  0.1/turn               q - +3 ring of evasion

@: no status effects
A: permanent stasis, dig shafts and tunnels, four strong arms, antennae 3
a: Dig, Shaft Self


You were on level 3 of the Dungeon.
You were not hungry.

You visited 1 branch of the dungeon, and saw 3 of its levels.

You collected 82 gold pieces.

Inventory:

Hand Weapons
 a - a +2 spear (weapon)
Missiles
 t - a throwing net (quivered)
Armour
 c - a +0 robe
 k - a +0 ring mail (worn)
Jewellery
 p - a ring of poison resistance (left hand)
 q - a +3 ring of evasion (right hand)
Scrolls
 g - a scroll of identify
 i - a scroll of fear {unknown}
 m - a scroll of recharging {unknown}
 n - 3 scrolls of teleportation {unknown}
Potions
 b - 3 potions of lignification
 e - a potion of brilliance {unknown}
 j - 2 potions of flight {unknown}
 l - a potion of magic {unknown}
 o - a potion of heal wounds {unknown}
 r - a potion of curing {unknown}
Comestibles
 d - 2 bread rations
 f - 4 chunks of flesh
 h - 2 fruits
 s - a royal jelly


   Skills:
 + Level 3.4 Fighting
 * Level 6.2 Polearms
 * Level 3.9 Dodging
 - Level 1.2 Stealth
   Level 1.2 Shields


You had 5 spell levels left.
You didn't know any spells.

Dungeon Overview and Level Annotations

Branches:
Dungeon (3/15)

Altars:
Ashenzari
Elyvilon


Innate Abilities, Weirdness & Mutations

You cannot be hasted, slowed, berserked, paralysed or teleported.
You can dig through walls and to a lower floor.
Your four strong arms can wield two-handed weapons with a shield.
You have a pair of large antennae on your head. (SInv)


Message History

The big kobold is almost dead.
The big kobold misses you.
You barely miss the big kobold.
The big kobold is almost dead.
The big kobold closely misses you.
You hit the big kobold.
The big kobold is almost dead.
You hit the big kobold.
You kill the big kobold!
You hit the adder but do no damage. The adder closely misses you.
The gnoll barely misses you.
You miss the adder. The adder misses you.
The gnoll hits you from afar with a halberd!
* * * LOW HITPOINT WARNING * * *
The adder barely misses you.
You miss the adder. The adder bites you but does no damage.
You puncture the adder!
The adder is severely wounded.
The gnoll hits you from afar with a halberd!
You die...

≈≈≈≈≈≈≈≈≈....≈≈≈≈≈≈≈≈≈≈≈≈
≈≈.≈≈≈..≈......≈≈..≈≈.≈≈.
{
..........((...).........
..........((....(........
.........###((.....>.....
########......#.K..#####.
.......(.....((gg#{...#
......#######.##S####.#
#####...####..##@# .. #
###.<.............##.
###.............#..
####..................
###....##...........####
....#### ..........##
##### ..........# #
..........# .......


You could see a gnoll, an adder, a hobgoblin and a kobold.

Vanquished Creatures
  2 big kobolds (D:3)
  3 gnolls (D:2)
  4 adders
  An ooze (D:1)
  3 worms
  2 dart slugs
  A leopard gecko (D:2)
  3 ball pythons
  4 bats
  2 giant cockroaches
  5 goblins
  6 hobgoblins
  4 jackals (D:1)
  9 frilled lizards
  28 kobolds
  7 rats
84 creatures vanquished.

Notes
Turn   | Place    | Note
-------+----------+-------------------------------------------
     0 | D:1      | Folque the Formicid Wanderer began the quest for the Orb.
     0 | D:1      | Folque set off with: a +2 spear, 2 potions of lignification, a +0 robe, a bread ration
     0 | D:1      | Reached XP level 1. HP: 15/15 MP: 1/1
   153 | D:1      | Reached XP level 2. HP: 19/22 MP: 2/2
   414 | D:1      | Found a shattered altar of Ashenzari.
   524 | D:1      | Reached XP level 3. HP: 27/27 MP: 3/3
  1305 | D:2      | Found a white marble altar of Elyvilon.
  1370 | D:2      | Reached XP level 4. HP: 31/33 MP: 4/4
  1531 | D:2      | Reached XP level 5. HP: 25/39 MP: 5/5
  2060 | D:3      | Noticed a big kobold
  2072 | D:3      | Killed a big kobold
  2072 | D:3      | Reached skill level 6 in Polearms
  2072 | D:3      | Reached XP level 6. HP: 37/47 MP: 6/6
  2168 | D:3      | Slain by a gnoll

Skill      XL: |  1  2  3  4  5 |
---------------+----------------+-----
Dodging        | 2 3 |  3.9
Fighting       | 2 3 |  3.4
Polearms       | 6 |  6.2
Stealth        | |  1.2
Shields        | |  1.2

Action                   |  1- 3 |  4- 6 || total
-------------------------+-------+-------++-------
Melee: Spear             |   146 |   203 ||   349
  Use: Potion            |     1 |       ||     1
       Scroll            |       |     3 ||     3
 Stab: Sleeping          |     1 |       ||     1
  Eat: Chunk             |     1 |     3 ||     4
Armor: Robe              |    18 |       ||    18
       Skin              |     3 |       ||     3
       Ring mail         |     9 |    46 ||    55
Dodge: Dodged            |    63 |   116 ||   179
